 Dungeon Crawl Stone Soup version 0.29-a0-838-g385bb11a5b (webtiles) character file.

Game seed: 1145110322013875420

69 inmateoo the Ruffian (level 4, 0/35 HPs)
             Began as a Demonspawn Fighter on July 13, 2022.
             Killed from afar by Sigmund (4 damage)
             ... with a puff of flame
             ... on level 2 of the Dungeon.
             The game lasted 00:01:49 (1039 turns).

inmateoo the Ruffian (Demonspawn Fighter)           Turns: 1039, Time: 00:01:49

Health: 0/35       AC:  8    Str: 18    XL:     4   Next: 2%
Magic:  4/4        EV:  6    Int:  9    God:
Gold:   115        SH:  4    Dex: 13    Spells: 3/3 levels left

rFire   . . .      SeeInvis .     - Unarmed
rCold   . . .      Faith    .   b - +0 buckler
rNeg    + . .      Spirit   .   k - +0 chain mail
rPois   .          Reflect  .   (no helmet)
rElec   .          Harm     .   (no cloak)
rCorr   .          Rampage  .   (no gloves)
Will    .....                   (no boots)
Stlth   ..........              g - amulet of regeneration
HPRegen 0.91/turn               e - ring of positive energy
MPRegen 0.09/turn               (no ring)

@: no status effects
A: spiny 1, condensation shield, demonic touch 1
a: no special abilities


You were on level 2 of the Dungeon.
You visited 1 branch of the dungeon, and saw 2 of its levels.

You collected 115 gold pieces.

Inventory:

Armour
 b - a +0 buckler (worn)
 k - a +0 chain mail (worn)
Jewellery
 e - a ring of positive energy (left hand)
 g - an amulet of regeneration (around neck)
Scrolls
 a - a scroll of noise {unknown}
 d - a scroll of fear {unknown}
 f - a scroll of summoning {unknown}
 h - 2 scrolls of identify {unknown}
 j - a scroll of fog {unknown}
 l - a scroll of teleportation {unknown}
 m - a scroll of acquirement {unknown}
Potions
 c - a potion of might
 i - a potion of curing
 n - a potion of lignification {unknown}


   Skills:
 - Level 3.0 Fighting
 - Level 2.6 Armour
 - Level 2.6 Shields
 + Level 4.0 Unarmed Combat


You had 3 spell levels left.
You didn't know any spells.
Your spell library contained the following spells:

 Spells                   Type           Power      Damage    Failure   Level
 Slow                     Hex            0%         N/A       100%        1
 Confusing Touch          Hex            0%         N/A       100%        3
 Vampiric Draining        Necr           0%         2d6       100%        3


Dungeon Overview and Level Annotations

Branches:
Dungeon (2/15)

Altars:

Annotations:
D:2 Sigmund


Innate Abilities, Weirdness & Mutations

You are partially covered in sharp spines.
A meltable shield of frost defends you. (SH +0)
Your touch may inflict minor irresistible damage on your foes.


Message History

You kill the orc!
Something hits you but does no damage.
Your Unarmed Combat skill increases to level 4!
You have reached level 4!
You feel agile.
Your demonic ancestry asserts itself...
Frost condenses into a shield before you.
Things that are here:
a +0 whip; an orc corpse You miss something.
Something hits you but does no damage.
You hit something but do no damage. Something hits you!
You barely miss something. You miss something.
Something hits you but does no damage.
You miss something.
You hear some strange, mumbled words.
A magic dart appears from out of thin air!
The magic dart hits you.
You barely miss something.
You hear some strange, mumbled words.
A magic dart appears from out of thin air!
The magic dart hits you.
You miss something. Something hits you!
You barely miss something. You miss something.
You hear some strange, mumbled words.
A magic dart appears from out of thin air!
The magic dart hits you.
You barely miss something. Something hits you!
* * * LOW HITPOINT WARNING * * *
You barely miss something. You barely miss something. Something hits you.
* * * LOW HITPOINT WARNING * * *
You aren't carrying any items that you can evoke.
Unknown command.
Okay, then.
Something hits you.
* * * LOW HITPOINT WARNING * * *
A puff of flame appears from out of thin air!
The puff of flame hits you.
Your condensation shield dissipates!
You die...

.<.##........##..####.####...####
#####.....##.##..##...........>..
#......#.##..#...............
#......#.##..#...............
#......#.##..#.##.####...####
####.....##.......# #...#
#.........#.#### #...#
#<#.#..####.# #...# #.#...{).@..#
#...# ###.###..######## #...#
#...............# #...####
###.#####..#####.# ##.###.#
#.)........#####.### ##......
#@.########.##......###...##.#
...o# #.##.##.#.##.....#.# ....#
#.......#........... ....
####.#######...<.#.#


There were no monsters in sight!

Vanquished Creatures
  Jessica (D:2)
  2 adders (D:2)
  A worm (D:2)
  A dart slug (D:1)
  2 orcs (D:2)
  2 bats
  An endoplasm (D:1)
  A giant cockroach (D:1)
  3 goblins (D:1)
  A ball python (D:1)
  3 frilled lizards
  3 kobolds
  A rat (D:1)
22 creatures vanquished.

Notes
Turn   | Place    | Note
-------+----------+-------------------------------------------
     0 | D:1      | inmateoo the Demonspawn Fighter began the quest for the
                  | Orb.
     0 | D:1      | Reached XP level 1. HP: 18/18 MP: 1/1
   218 | D:1      | Reached skill level 2 in Unarmed Combat
   332 | D:1      | Gained mutation: You are partially covered in sharp spines.
                  | [demonic ancestry]
   332 | D:1      | Reached XP level 2. HP: 24/24 MP: 2/2
   564 | D:2      | Noticed Jessica
   575 | D:2      | Killed Jessica
   576 | D:2      | Reached skill level 3 in Unarmed Combat
   576 | D:2      | Gained mutation: Your touch may inflict minor irresistible
                  | damage on your foes. [demonic ancestry]
   576 | D:2      | Reached XP level 3. HP: 29/29 MP: 3/3
   949 | D:2      | Noticed Sigmund
  1025 | D:2      | Reached skill level 4 in Unarmed Combat
  1025 | D:2      | Gained mutation: A meltable shield of frost defends you.
                  | (SH +0) [demonic ancestry]
  1025 | D:2      | Reached XP level 4. HP: 28/35 MP: 4/4
  1039 | D:2      | Killed from afar by Sigmund

Illustrated notes

Levels and vault maps discovered:
D:1:      matt_arrival_grand_opening, layout_rooms
D:2:      layout_loops_cross, hellmonk_ecumenical_altar_defaced_shrine,
          uniq_sigmund, uniq_jessica

Skill      XL: |  1  2  3 |
---------------+----------+-----
Unarmed Combat | 2 3 4 |  4.0
Fighting       | |  3.0
Armour         | |  2.6
Shields        | |  2.6

Action                   |  1- 3 |  4- 6 || total
-------------------------+-------+-------++-------
Melee: Unarmed           |    92 |    12 ||   104
Armor: Scale mail        |    12 |       ||    12
       Chain mail        |    24 |     2 ||    26
Dodge: Dodged            |    29 |       ||    29
Block: Buckler           |    13 |       ||    13

Table legend: (Time is in decaauts)
 A = Elapsed time spent in this place.
 B = Non-inter-level travel time spent in this place.
 C = Inter-level travel time spent in this place.
 D = Time resting spent in this place.
 E = Time spent auto-exploring this place.
 F = Levels seen in this place.
 G = Mean time per level.
                   A        B        C        D        E       F      G
               +--------+--------+--------+--------+--------+-----+--------+
         Total |   1036 |   1014 |     22 |     95 |    605 |   2 |  518.0 |
       Dungeon |   1036 |   1014 |     22 |     95 |    605 |   2 |  518.0 |
               +--------+--------+--------+--------+--------+-----+--------+

Top non-repeatable levels by time:
     D:2: 540 daAuts
     D:1: 496 daAuts
